 Dungeon Crawl Stone Soup version 0.18.1-6-gd335043 (webtiles) character file.

322 Vacuum the Cudgeler (level 6, 0/56 HPs)
             Began as a Minotaur Fighter on May 20, 2016.
             Slain by a gnoll shaman
             ... wielding a cursed -3 whip
              (2 damage)
             ... while paralysed by Grinder
             ... on level 4 of the Dungeon.
             The game lasted 00:07:29 (1945 turns).

Vacuum the Cudgeler (Minotaur Fighter)              Turns: 1945, Time: 00:07:29

Health: 0/56       AC:  8    Str: 21    XL:     6   Next: 22%
Magic:  5/5        EV:  2    Int:  5    God:
Gold:   187        SH:  0    Dex: 11    Spells: 0 memorised, 5 levels left

rFire  . . .     SeeInvis .     a - +1 flail
rCold  . . .     Gourm    .     b - +0 scale mail
rNeg   . . .     Faith    .     c - +0 shield
rPois  .         Spirit   .     (helmet restricted)
rElec  .         Dismiss  +     (no cloak)
rCorr  .         Reflect  .     (no gloves)
SustAt .         Harm     .     e - +0 pair of boots
MR     .....                    k - amulet of dismissal
Stlth  ..........               (no ring)
                                (no ring)

@: paralysed, lethally poisoned (0 -> -1), held, not resistant to hostile
enchantments, extremely unstealthy
A: retaliatory headbutt, horns 2
a: no special abilities


You were on level 4 of the Dungeon.
You were not hungry.

You visited 1 branch of the dungeon, and saw 4 of its levels.

You collected 187 gold pieces.

Inventory:

Hand Weapons
 a - a +1 flail (weapon)
Missiles
 o - 7 poisoned javelins (quivered)
Armour
 b - a +0 scale mail (worn)
 c - a +0 shield (worn)
 e - a +0 pair of boots (worn)
Jewellery
 k - an amulet of dismissal (around neck)
 r - an uncursed ring of ice
Wands
 q - a wand of slowing (22/48)
Scrolls
 l - a scroll of recharging {unknown}
 n - 2 scrolls of teleportation {unknown}
 p - a scroll of enchant armour {unknown}
Potions
 d - a potion of might
 g - a potion of cancellation
 h - a potion of curing {unknown}
 i - a potion of lignification {unknown}
 j - a potion of mutation {unknown}
 u - a potion of magic {unknown}
Comestibles
 f - 2 bread rations
 m - 3 fruits
 s - a meat ration
 t - a royal jelly
 v - a slice of pizza
 w - 3 chunks of flesh


   Skills:
 + Level 5.6 Fighting
 * Level 6.7 Maces & Flails
 - Level 3.6 Armour
 - Level 3.6 Shields


You had 5 spell levels left.
You didn't know any spells.

Dungeon Overview and Level Annotations

Branches:
Dungeon (4/15)
 Temple: D:4-7

Altars:
Dithmenos
Qazlal
Vehumet
Xom

Annotations:
D:4 Eustachio, Grinder


Innate Abilities, Weirdness & Mutations

You reflexively headbutt those who attack you in melee.
You have a pair of horns on your head.


Message History

The gnoll hits you from afar with a spear.
* * * LOW HITPOINT WARNING * * *
The gnoll hits you.
* * * LOW HITPOINT WARNING * * *
The gnoll hits you but does no damage. The bat hits you but does no damage.
The adder bites you but does no damage. Eustachio hits you but does no damage.
The gnoll shaman hits you but does no damage.
The gnoll hits you from afar with a halberd of pain.
* * * LOW HITPOINT WARNING * * *
The gnoll hits you but does no damage. Grinder gestures at you.
You resist with significant effort.
The gnoll hits you from afar with a spear.
* * * LOW HITPOINT WARNING * * *
The adder bites you.
* * * LOW HITPOINT WARNING * * *
* * * LOW HITPOINT WARNING * * *
You feel sick. The bat hits you but does no damage.
The gnoll shaman hits you with a whip.
You die...

......#.. ....
.. ...#.... ....
#.##...... .....
......[.... ...
..........#...
......".gg#.#
........ggS.#
........5@b.#
.........@..#
.#.....(...#
####......#
#.#...##
#.#...#####
######.#)......#
#..............#
#..............#


You could see Eustachio, Grinder, a gnoll shaman, 3 gnolls, an adder and a bat.

Vanquished Creatures
  The ghost of zeroDi the Cutter, an amateur VSAs (D:3)
  Blork the orc (D:4)
  Terence (D:3)
  5 adders
  An ooze (D:2)
  3 worms
  3 dart slugs
  A giant gecko (D:2)
  An orc (D:3)
  A ball python (D:1)
  7 bats
  A giant cockroach (D:1)
  9 goblins
  4 hobgoblins
  9 jackals
  6 giant newts
  9 kobolds
  5 rats
68 creatures vanquished.

Notes
Turn   | Place    | Note
--------------------------------------------------------------
     0 | D:1      | Vacuum the Minotaur Fighter began the quest for the Orb.
     0 | D:1      | Reached XP level 1. HP: 19/19 MP: 0/0
    47 | D:1      | Reached skill level 3 in Maces & Flails
    47 | D:1      | Reached XP level 2. HP: 27/27 MP: 1/1
   577 | D:2      | Reached skill level 4 in Maces & Flails
   577 | D:2      | Reached XP level 3. HP: 29/33 MP: 2/2
   659 | D:2      | Found a shimmering altar of Xom.
   660 | D:2      | Found a radiant altar of Vehumet.
   662 | D:2      | Found a stormy altar of Qazlal.
   662 | D:2      | Found a shadowy altar of Dithmenos.
  1142 | D:2      | Reached XP level 4. HP: 37/41 MP: 3/3
  1274 | D:3      | Noticed Terence
  1288 | D:3      | Killed Terence
  1288 | D:3      | Reached skill level 5 in Maces & Flails
  1350 | D:3      | Noticed zeroDi's ghost (amateur VSAs)
  1368 | D:3      | Killed zeroDi's ghost
  1368 | D:3      | Reached skill level 5 in Fighting
  1368 | D:3      | Reached skill level 6 in Maces & Flails
  1368 | D:3      | Reached XP level 5. HP: 34/48 MP: 4/4
  1915 | D:4      | Noticed Blork the orc
  1924 | D:4      | Killed Blork the orc
  1924 | D:4      | Reached XP level 6. HP: 30/56 MP: 5/5
  1937 | D:4      | Noticed Eustachio
  1937 | D:4      | Noticed Grinder
  1941 | D:4      | Paralysed by Grinder for 5 turns
  1945 | D:4      | HP: 2/56 [poisoned by an adder]
  1945 | D:4      | Slain by a gnoll shaman

Skill      XL: |  1  2  3  4 |
---------------+-------------+-----
Maces & Flails | 3 4 6 |  6.7
Fighting       | 4 5 |  5.6
Armour         | |  3.6
Shields        | |  3.6

Action                   |  1- 3 |  4- 6 || total
-------------------------+-------+-------++-------
Melee: Flail             |    84 |    79 ||   163
       Headbutt          |    10 |     6 ||    16
Throw: Javelin           |       |     1 ||     1
  Use: Scroll            |       |     4 ||     4
  Eat: Chunk             |     1 |     3 ||     4
Armor: Scale mail        |    28 |    36 ||    64
Dodge: Dodged            |    29 |    22 ||    51
Block: Shield            |    42 |    36 ||    78
